 Dungeon Crawl Stone Soup version 0.30-a0-374-g95c0257040 (webtiles) character file.

Game seed: 5747601900542733357

64 qeuew the Ruffian (level 3, -1/36 HPs)
             Began as a Troll Monk on Nov 26, 2022.
             Slain by an orc
             ... wielding a +0 whip
              (5 damage)
             ... on level 3 of the Dungeon.
             The game lasted 00:01:58 (1216 turns).

qeuew the Ruffian (Troll Monk)                      Turns: 1216, Time: 00:01:58

Health: -1/36      AC:  4    Str: 21    XL:     3   Next: 91%
Magic:  2/2        EV: 10    Int:  6    God:
Gold:   134        SH:  5    Dex: 12    Spells: 2/2 levels left

rFire   . . .      SeeInvis .      - Unarmed
rCold   . . .      Faith    .    (no shield)
rNeg    . . .      Spirit   .    a - +0 robe
rPois   .          Reflect  +    (helmet restricted)
rElec   .          Harm     .    (no cloak)
rCorr   .          Rampage  .    (gloves unavailable)
Will    .....                    (boots unavailable)
Stlth   ++........               e - amulet of reflection
HPRegen 1.06/turn                (no ring)
MPRegen 0.08/turn                (no ring)

@: no status effects
A: large, unfitting armour, claws 3, regeneration 1, shaggy fur 1, tough skin 1
a: no special abilities


You were on level 3 of the Dungeon.
You visited 1 branch of the dungeon, and saw 3 of its levels.

You collected 134 gold pieces.

Inventory:

Armour
 a - a +0 robe (worn)
Jewellery
 e - an amulet of reflection (around neck)
Scrolls
 g - 3 scrolls of identify
 h - a scroll of blinking {unknown}
Potions
 b - a potion of ambrosia
 c - 2 potions of curing
 d - a potion of brilliance {unknown}
 f - 2 potions of flight


   Skills:
 + Level 2.9 Fighting
 + Level 2.8 Dodging
 - Level 1.0 Stealth
 * Level 4.0 Unarmed Combat


You had 2 spell levels left.
You didn't know any spells.
Your spell library contained the following spells:

 Spells                   Type           Power      Damage    Failure   Level
 Shock                    Conj/Air       0%         1d3       45%         1
 Dazzling Flash           Conj/Hex       0%         N/A       83%         3
 Swiftness                Air            0%         N/A       83%         3
 Airstrike                Air            0%         2d(0-16)  99%         4
 Agony                    Necr           0%         N/A       100%        5
 Silence                  Hex/Air        0%         N/A       100%        5


Dungeon Overview and Level Annotations

Branches:
Dungeon (3/15)

Altars:

Shops:
D:1 (=*[   D:3 *


Innate Abilities, Weirdness & Mutations

You are too large for most types of armour.
You have claws for hands.
Your natural rate of healing is unusually fast.
You are covered in fur. (AC +1)
You have tough skin. (AC +1)


Message History

The orc barely misses you.
You scratch the orc.
You kill the orc!
The orc hits you with a +0 hand axe.
You scratch the orc but do no damage. The orc closely misses you.
The orc priest hits you from afar with a +0 trident.
You claw the orc!
You kill the orc!
The orc hits you with a +0 whip.
The orc priest hits you from afar with a +0 trident.
The orc barely misses you.
You are too injured to fight recklessly!
You are too injured to fight recklessly!
You are too injured to fight recklessly!
You are too injured to fight recklessly!
You are too injured to fight recklessly!
You are too injured to fight recklessly!
You are too injured to fight recklessly!
You are too injured to fight recklessly!
You are too injured to fight recklessly!
You are too injured to fight recklessly!
You are too injured to fight recklessly!
You are too injured to fight recklessly!
You are too injured to fight recklessly!
Unknown command.
You barely miss the orc. The orc barely misses you.
The orc priest closely misses you. You block the orc's attack.
The orc hits you with a +0 hand axe.
The orc priest hits you but does no damage.
Unknown command.
You scratch the orc priest but do no damage.
The orc hits you but does no damage. The orc hits you with a +0 hand axe.
* * * LOW HITPOINT WARNING * * *
The orc priest hits you with a +0 trident.
* * * LOW HITPOINT WARNING * * *
Unknown command.
You closely miss the orc priest. The orc hits you with a +0 hand axe.
* * * LOW HITPOINT WARNING * * *
The orc hits you with a +0 whip.
You die...

#.........#.#
.............#..
####.....######.
..>...#.. . ###
#.#...#.##### ...
#.#...#.....#
###.##.#...#.....###
#.....#........o)..8#
.........#..#...@o..#
..............##o.......
.#.......###.###......##
..........#............8
...........)...#########
....#####⌠.⌠)..# ....##
#.∩....## .#...#
#⌠.⌠....# .....#
#.......##


You could see an orc priest and 2 orcs.

Vanquished Creatures
  An adder (D:3)
  A worm (D:2)
  2 dart slugs (D:1)
  2 orcs (D:3)
  7 ball pythons
  2 bats (D:1)
  3 endoplasms
  4 giant cockroaches
  2 goblins
  2 hobgoblins
  3 jackals (D:1)
  5 kobolds
  3 quokkas
  A frilled lizard (D:1)
  2 rats (D:1)
40 creatures vanquished.

Notes
Turn   | Place    | Note
-------+----------+-------------------------------------------
     0 | D:1      | qeuew the Troll Monk began the quest for the Orb.
     0 | D:1      | Reached XP level 1. HP: 22/22 MP: 0/0
    45 | D:1      | Reached XP level 2. HP: 29/29 MP: 1/1
    97 | D:1      | Found Rumozay's Jewellery Boutique.
   180 | D:1      | Found Vitzoer's Antique Weapon Boutique.
   246 | D:1      | Found Weucs's Assorted Antiques.
   352 | D:1      | Found Olairy's Antique Armour Shop.
   376 | D:1      | Reached XP level 3. HP: 36/36 MP: 2/2
  1032 | D:2      | You fall into a shaft and drop 1 floor!
  1133 | D:3      | Reached skill level 4 in Unarmed Combat
  1177 | D:3      | Found Ryasuwk's Assorted Antiques.
  1216 | D:3      | Slain by an orc

Illustrated notes

Levels and vault maps discovered:
D:1:      tarquinn_simple_flora_water_c, layout_loops_ring, serial_shops,
          nicolae_shop_window_shopping, shop, shop_statue, shop
D:2:      layout_basic, ebering_ecumenical_altar_hall, uniq_crazy_yiuf_cottage
D:3:      layout_basic, nicolae_overflow_quartered_altars, serial_shops,
          shop_fountains, skrybe_limestone_x, uniq_terence

Skill      XL: |  1  2  3 |
---------------+----------+-----
Unarmed Combat | 4 |  4.0
Fighting       | |  2.9
Dodging        | |  2.8
Stealth        | |  1.0

Action                   || total
-------------------------++-------
Melee: Unarmed           ||    80
       Punch             ||     2
  Use: Scroll            ||     6
 Stab: Sleeping          ||     2
Armor: Robe              ||    22
Dodge: Dodged            ||    33
Block: Other             ||    11

Table legend: (Time is in decaauts)
 A = Elapsed time spent in this place.
 B = Non-inter-level travel time spent in this place.
 C = Inter-level travel time spent in this place.
 D = Time resting spent in this place.
 E = Time spent auto-exploring this place.
 F = Levels seen in this place.
 G = Mean time per level.
                   A        B        C        D        E       F      G
               +--------+--------+--------+--------+--------+-----+--------+
         Total |   1211 |   1189 |     22 |    100 |    877 |   3 |  403.7 |
       Dungeon |   1211 |   1189 |     22 |    100 |    877 |   3 |  403.7 |
               +--------+--------+--------+--------+--------+-----+--------+

Top non-repeatable levels by time:
     D:1: 714 daAuts
     D:2: 315 daAuts
     D:3: 181 daAuts
